Map: Terrasses de Prion

Players

Caligula

  • Race: Zerg Zerg
  • League: Silver
  • Spawn Location: 5:00

zidar - Winner!

  • Race: Zerg Zerg
  • League: Silver
  • Spawn Location: 11:00

VOD

Have the link to the VOD?

Description

Time

  • Played on: Jan. 3, 2016, 11:03 a.m.
  • Length: 8:36
Show
View Real Time Build Order
Export as new Build Order

Caligula Zerg 

Build Orders: Hatch First 

Get SALT Encoding   

  12  0:02  Drone  
  13  0:08  Drone  
  14  0:15  Extractor  
  14  0:19  Drone  
  15  0:41  Hatchery  
  14  0:50  Extractor  
  14  0:51  Drone  
  15  1:00  Spawning Pool  
  14  1:07  Extractor  
  14  1:10  Extractor  
  12  1:12  Drone  
  12  1:13  Drone  
  16  1:32  Overlord  
  16  1:50  Queen  
  18  1:55  Queen  
  18  1:57  Drone x2  
  18  1:58  Drone x2  
  24  2:09  Drone x2  
  26  2:18  Overlord  
  26  2:26  Queen  
  26  2:29  Spine Crawler  
  27  2:30  Drone  
  27  2:36  Overlord  
  28  2:47  Queen  
  28  2:50  Overlord  
  30  2:56  Drone x4  
  34  3:02  Drone x2  
  36  3:10  Zergling x4  
  36  3:12  Drone x2  
  40  3:19  Drone  
  42  3:20  Drone x2  
  43  3:29  Extractor  
  43  3:30  Drone x2  
  43  3:32  Extractor  
  43  3:34  Queen  
  45  3:50  Drone x3  
  45  3:53  Extractor  
  47  3:56  Drone x3  
  50  4:12  Roach Warren  
  49  4:19  Drone x3  
  49  4:21  Overlord x4  
  52  4:33  Lair  
  52  4:40  Drone x3  
  52  4:41  Extractor  
  52  4:45  Hatchery  
  53  4:51  Overlord x3  
  53  5:00  Roach  
  53  5:01  Roach x3  
  61  5:15  Evolution Chamber  
  61  5:18  Extractor  
  61  5:19  Evolution Chamber  
  58  5:23  Roach x5  
  68  5:35  Hydralisk Den  
  68  5:40  Drone x2  
  68  5:41  Drone x3  
  72  5:52  Drone x4  
  76  6:03  Spine Crawler  
  75  6:04  Zergling x2  
  75  6:07  Lurker Den  
  75  6:09  Zerg Missile Weapons Level 1  
  75  6:10  Zerg Ground Armor Level 1  
  76  6:16  Drone x3  
  76  6:17  Drone x3  
  82  6:19  Extractor  
  81  6:34  Drone x4  
  81  6:35  Drone x3  
  88  6:41  Hydralisk x3  
  88  6:42  Hydralisk  
  96  6:51  Overseer x2  
  96  6:58  Roach  
  96  6:59  Overlord  
  96  7:00  Overlord x2  
  96  7:01  Overlord  
  97  7:17  Roach x2  
  97  7:18  Roach x4  
  101  7:26  Roach x5  
  79  7:45  Roach x2  
  79  7:46  Roach x6  
  92  7:55  Roach x2  
  84  8:05  Roach x3  
  74  8:14  Roach  
  74  8:15  Roach x4  
Show
View Real Time Build Order
Export as new Build Order

zidar Zerg - Winner!

Build Orders: Pool First 

Get SALT Encoding   

  12  0:02  Drone  
  13  0:12  Overlord  
  13  0:17  Drone  
  14  0:30  Drone x2  
  16  0:36  Drone  
  17  0:49  Spawning Pool  
  17  0:50  Drone  
  17  1:13  Hatchery  
  17  1:16  Drone  
  17  1:21  Extractor  
  16  1:33  Drone  
  16  1:35  Overlord  
  16  1:36  Drone  
  18  1:44  Queen  
  20  1:50  Drone  
  21  2:02  Drone  
  22  2:09  Drone  
  23  2:19  Zergling x2  
  23  2:20  Queen  
  26  2:39  Drone  
  26  2:40  Drone x3  
  30  2:48  Roach Warren  
  29  2:52  Extractor  
  27  3:16  Drone x2  
  27  3:17  Drone x5  
  34  3:29  Overlord  
  34  3:30  Overlord  
  34  3:44  Overlord  
  33  3:59  Roach  
  33  4:00  Roach x5  
  45  4:04  Hatchery  
  44  4:19  Evolution Chamber  
  45  4:24  Roach x4  
  45  4:25  Roach x2  
  45  4:27  Ravager  
  45  4:28  Ravager  
  45  4:30  Ravager  
  58  4:36  Ravager  
  59  5:06  Overlord x2  
  59  5:18  Zerg Missile Weapons Level 1  
  59  5:49  Roach  
  73  5:50  Roach x6  
  73  5:54  Overlord x4  
  73  6:25  Roach x8  
  89  6:26  Roach  
  91  6:37  Queen  
  71  7:45  Roach  
  71  7:46  Roach x16  
Tags
 
Add a new tag
Caveats
  • Supply blocks, unpowered buildings, or Contaminate may cause inaccurate times.
  • Supply counts are checked every 10 seconds.